 Dungeon Crawl Stone Soup version 0.28.0-45-g0d030f2227 (webtiles) character file.

Game seed: 16766645509185328366

30602 Peloso the Carver (level 13, 0/118 HPs)
             Began as a Minotaur Fighter on Apr 3, 2022.
             Was an Elder of Okawaru.
             Slain by an orc knight
             ... wielding a +2 vorpal great mace
              (46 damage)
             ... on level 1 of the Orcish Mines.
             The game lasted 00:35:26 (22017 turns).

Peloso the Carver (Minotaur Fighter)               Turns: 22017, Time: 00:35:27

Health: 0/118      AC: 26    Str: 24    XL:     13   Next: 21%
Magic:  11/13      EV: 11    Int:  5    God:    Okawaru [****..]
Gold:   931        SH: 13    Dex: 12    Spells: 12/12 levels left

rFire   . . .      SeeInvis .   b - +4 long sword
rCold   + . .      Faith    .   d - +0 buckler
rNeg    . . .      Spirit   .   u - +0 plate armour
rPois   .          Reflect  +   D - +1 hat
rElec   .          Harm     .   Q - +0 cloak
rCorr   .          Rampage  .   S - +1 pair of gloves
Will    +....                   g - +0 pair of boots
Stlth   ..........              B - amulet of reflection
HPRegen 0.29/turn               q - ring of willpower
MPRegen 0.13/turn               n - ring of protection from cold

@: heroic
A: horns 2, retaliatory headbutt
a: Renounce Religion, Heroism, Finesse


You were on level 1 of the Orcish Mines.
You worshipped Okawaru.
Okawaru was greatly pleased with you.
You visited 4 branches of the dungeon, and saw 19 of its levels.

You collected 1071 gold pieces.
You spent 140 gold pieces at shops.

Inventory:

Hand Weapons
 a - a +0 long sword of electrocution
 b - a +4 long sword (weapon)
Missiles
 I - 4 throwing nets (quivered)
Armour
 d - a +0 buckler (worn)
 g - a +0 pair of boots (worn)
 u - a +0 plate armour (worn)
 z - a +1 chain mail of poison resistance
 D - a +1 hat (worn)
 Q - a +0 cloak (worn)
 S - a +1 pair of gloves (worn)
Magical Staves
 c - a staff of fire
Jewellery
 h - a +6 ring of intelligence
 n - a ring of protection from cold (right hand)
 q - a ring of willpower (left hand)
 B - an amulet of reflection (around neck)
 O - an amulet of regeneration
 T - an amulet of the acrobat
 W - a +6 ring of intelligence
Wands
 y - a wand of polymorph (10)
 G - a wand of flame (15)
 N - a wand of charming (6)
 P - a wand of acid (2)
 R - a wand of digging (5)
 U - a wand of iceblast (5)
 V - a wand of paralysis (4)
Scrolls
 i - a scroll of immolation
 l - 2 scrolls of fog
 o - 2 scrolls of teleportation
 p - 5 scrolls of amnesia {unknown}
 t - 7 scrolls of enchant weapon {unknown}
 w - a scroll of acquirement
 x - 4 scrolls of fear {unknown}
 C - 4 scrolls of magic mapping {unknown}
 E - 5 scrolls of blinking
 F - a scroll of identify
 H - 2 scrolls of noise
Potions
 e - a potion of magic
 f - 4 potions of cancellation
 j - 6 potions of brilliance
 k - 3 potions of mutation
 m - a potion of invisibility
 r - 2 potions of haste
 s - 6 potions of heal wounds
 v - 3 potions of resistance {unknown}
 A - a potion of berserk rage {unknown}
 K - 2 potions of might
 L - a potion of ambrosia
 M - 5 potions of curing {unknown}


   Skills:
 + Level 12.1(17.1) Fighting
 + Level 14.8(19.8) Long Blades
 + Level 14.5(19.5) Armour
 + Level 3.1(8.1) Dodging
 + Level 2.4(7.4) Stealth
 + Level 13.0(18.0) Shields
 + Level 2.1 Invocations
 + Level 0.2 Evocations


You had 12 spell levels left.
You didn't know any spells.
Your spell library contained the following spells:

 Spells                   Type           Power      Damage    Failure   Level
 Apportation              Tloc           0%         N/A       98%         1
 Foxfire                  Conj/Fire      0%         2x1d4     98%         1
 Magic Dart               Conj           0%         1d3       98%         1
 Blink                    Tloc           0%         N/A       99%         2
 Conjure Flame            Conj/Fire      0%         6-21      100%        3
 Dazzling Flash           Conj/Hex       0%         N/A       100%        3
 Inner Flame              Hex/Fire       0%         N/A       100%        3
 Mephitic Cloud           Conj/Pois/Air  0%         N/A       100%        3
 Flame Wave               Conj/Fire      0%         2d4       100%        4
 Passage of Golubria      Tloc           0%         N/A       100%        4
 Petrify                  Tmut/Erth      0%         N/A       100%        4
 Agony                    Necr           0%         N/A       100%        5
 Alistair's Intoxication  Tmut/Pois      0%         N/A       100%        5
 Borgnjor's Vile Clutch   Necr/Erth      0%         N/A       100%        5
 Manifold Assault         Tloc           0%         N/A       100%        5
 Metabolic Englaciation   Hex/Ice        0%         N/A       100%        5
 Silence                  Hex/Air        0%         N/A       100%        5
 Eringya's Noxious Bog    Tmut/Pois      0%         N/A       100%        6
 Statue Form              Tmut/Erth      0%         N/A       100%        6
 Storm Form               Tmut/Air       0%         N/A       100%        7
 Lehudib's Crystal Spear  Conj/Erth      0%         10d2      100%        8
 Animate Skeleton         Necr           Unusable   N/A       N/A         1
 Summon Small Mammal      Summ           Unusable   N/A       N/A         1
 Call Imp                 Summ           Unusable   N/A       N/A         2

Dungeon Overview and Level Annotations

Branches:
Dungeon (12/15)            Temple (1/1) D:7            Lair (4/6) D:9
 Shoals (0/4) Lair:2       Spider (0/4) Lair:3          Orc (2/2) D:10
    Elf: Orc:2

Altars:
Ashenzari
Cheibriados
Dithmenos
Elyvilon
Fedhas
Gozag
Hepliaklqana
Kikubaaqudgha
Makhleb
Nemelex Xobeh
Okawaru
Qazlal
Ru
Sif Muna
Trog
Uskayaw
Vehumet
Wu Jian
Xom
Yredelemnul
Zin
The Shining One

Shops:
D:2 (   D:3 *   D:8 ?[   D:10 !

Portals:
Abyss: D:5

Annotations:
D:9 1 runed translucent door
Lair:2 2 runed translucent doors, doomsgape's ghost, journeyman DEFE
Lair:4 3 runed translucent doors, Kyusiynim's ghost, journeyman GnEn


Innate Abilities, Weirdness & Mutations

You have a pair of horns on your head.
You reflexively headbutt those who attack you in melee.


Message History

The orc warrior no longer looks unusually strong.
The orc knight roars a battlecry!
The orcs go into a battle-frenzy!
You hit the orc.
You kill the orc!
The orc knight no longer looks unusually strong.
The orc knight shoots a bolt.
The bolt hits you!!
The orc knight no longer looks unusually strong.
The orc knight roars a battlecry!
The orc knight goes into a battle-frenzy!
You block the orc warrior's attack.
The orc knight roars a battlecry!
The orc knight goes into a battle-frenzy!
You climb upwards.
There is a stone staircase leading down, spattered with blood here.
Things that are here:
a +0 chain mail; a +0 hand axe You gain the combat prowess of a mighty hero.
You block the orc knight's attack. The orc warrior barely misses you.
You furiously retaliate!
You headbutt the orc warrior, but do no damage.
You slash the orc knight!
The orc knight is moderately wounded.
You block the orc knight's attack. You block the orc warrior's attack.
You hit the orc knight but do no damage.
You headbutt the orc knight.
The orc knight is moderately wounded.
You block the orc knight's attack.
You slash the orc knight!
You headbutt the orc knight, but do no damage.
The orc knight is heavily wounded.
The orc warrior hits you with a +0 battleaxe!!
The orc knight hits you with a +2 vorpal great mace!
You barely miss the orc knight.
The orc knight is heavily wounded.
You block the orc warrior's attack.
You slice the orc knight!!
The orc knight is almost dead.
The orc knight hits you with a +2 vorpal great mace!!!
You die...

#....#...##....##
##.......##...##
##.#.....#....##
#...#..........#
##....#........##
#..............#
##...))......#.##
#......[[...####
##.....)@.....##
#.....o.o.....#
##.###...#...##
### #########


You could see an orc knight (strong) and an orc warrior (strong).

Vanquished Creatures
  An orc warlord (Orc:1)
  Harold (D:9)
  A boulder beetle (Lair:4)
  Erolcha (D:9)
  3 two-headed ogres
  An orc high priest (Orc:2)
  A deep elf pyromancer (D:12)
  An orc sorcerer (Orc:2)
  A wizard (D:10)
  A manticore (D:12)
  An ugly thing (D:12)
  A merfolk siren (Lair:2)
  The ghost of Olga the Grappler, a novice TrMo of Okawaru (D:5)
  4 black mambas
  6 cane toads
  Maggie (Lair:1)
  A gargoyle (D:12)
  An unseen horror (D:12)
  7 komodo dragons
  4 rime drakes
  4 trolls
  5 slime creatures (D:11)
  7 blink frogs
  3 culicivoras (Lair:3)
  2 shadows
  21 yaks
  3 wyverns
  A human (D:10)
  2 vampire mosquitoes (D:11)
  2 steam dragons
  3 wargs
  A small abomination (D:5)
  An acid dragon (D:11)
  14 water moccasins
  10 orc warriors
  A sky beast (D:4)
  2 black bears
  2 ice beasts (D:6)
  3 ogres (Orc:2)
  5 centaurs
  A necrophage (D:7)
  9 wolves
  A phantom (D:4)
  4 kobold brigands
  Blork the orc (Orc:1)
  7 bullfrogs
  2 scorpions
  2 gnoll sergeants
  A water moccasin skeleton (D:4)
  8 killer bees
  4 wights (D:8)
  3 howler monkeys
  3 centaur zombies
  A centaur skeleton (D:7)
  4 hounds
  11 orc priests
  A jelly (D:8)
  2 iguanas
  A scorpion zombie (D:5)
  9 orc wizards
  3 killer bee zombies
  9 gnolls
  8 adders
  A shadow imp (D:5)
  A white imp (D:8)
  An ufetubus (D:5)
  4 worms (D:2)
  2 dart slugs
  46 orcs
  4 ball pythons
  5 endoplasms
  3 giant cockroaches
  15 goblins
  3 hobgoblins
  5 jackals
  21 kobolds
  4 quokkas
  11 bats
  A frilled lizard (D:1)
  5 rats
358 creatures vanquished.

Vanquished Creatures (others)
  A goblin (D:2)
  A quokka (D:2)
  A kobold (D:7)
  13 fungi
  20 plants
36 creatures vanquished.

Grand Total: 394 creatures vanquished

Notes
Turn   | Place    | Note
-------+----------+-------------------------------------------
     0 | D:1      | Peloso the Minotaur Fighter began the quest for the Orb.
     0 | D:1      | Reached XP level 1. HP: 19/19 MP: 0/0
    82 | D:1      | Reached XP level 2. HP: 18/27 MP: 1/1
   298 | D:1      | Reached XP level 3. HP: 28/33 MP: 2/2
   584 | D:2      | Found Cuwiloq's Weapon Boutique.
   879 | D:2      | Found a faded altar of an unknown god.
   999 | D:2      | Reached XP level 4. HP: 40/40 MP: 3/3
  1890 | D:3      | Reached skill level 5 in Armour
  2123 | D:3      | Reached XP level 5. HP: 44/47 MP: 4/4
  2169 | D:3      | Found a sparkling altar of Nemelex Xobeh.
  2516 | D:3      | Reached skill level 1 in Dodging
  2570 | D:3      | Found a broken altar of Ashenzari.
  2675 | D:3      | Found Covim's General Store.
  2684 | D:3      | Bought a scroll of identify for 28 gold pieces
  2843 | D:4      | Noticed a phantom
  2859 | D:4      | Killed a phantom
  2860 | D:4      | Reached XP level 6. HP: 31/53 MP: 5/5
  3371 | D:4      | Noticed a sky beast
  3386 | D:4      | Reached skill level 5 in Long Blades
  3398 | D:4      | Killed a sky beast
  3874 | D:4      | Found a hazy altar of Hepliaklqana.
  4000 | D:5      | Entered Level 5 of the Dungeon
  4000 | D:5      | Noticed a yak
  4000 | D:5      | Noticed a yak
  4001 | D:5      | Noticed a yak
  4002 | D:5      | Noticed a yak
  4003 | D:5      | Noticed a yak
  4003 | D:5      | Noticed a yak
  4017 | D:4      | Killed a yak
  4018 | D:4      | Reached skill level 5 in Fighting
  4018 | D:4      | Reached XP level 7. HP: 57/61 MP: 6/6
  4047 | D:4      | Killed a yak
  4065 | D:4      | Killed a yak
  4316 | D:4      | Killed a yak
  4317 | D:4      | Reached XP level 8. HP: 39/70 MP: 7/7
  4324 | D:4      | Reached skill level 5 in Shields
  4835 | D:5      | Found a white marble altar of Elyvilon.
  4895 | D:5      | Found a one-way gate to the infinite horrors of the Abyss.
  4895 | D:5      | Noticed Olga's ghost (novice TrMo)
  4920 | D:5      | Found a transporter.
  5158 | D:5      | Found a transporter.
  5536 | D:6      | Reached XP level 9. HP: 78/78 MP: 8/8
  5578 | D:6      | Found a blossoming altar of Fedhas.
  5581 | D:6      | Found a shadowy altar of Dithmenos.
  5584 | D:6      | Found an opulent altar of Gozag.
  5587 | D:6      | Found an ancient bone altar of Kikubaaqudgha.
  5587 | D:6      | Found an ornate altar of the Wu Jian Council.
  5591 | D:6      | Found a radiant altar of Vehumet.
  5594 | D:6      | Found a glowing golden altar of the Shining One.
  6081 | D:7      | Found a staircase to the Ecumenical Temple.
  6090 | Temple   | Entered the Ecumenical Temple
  6289 | Temple   | Reached skill level 1 in Stealth
  7007 | D:8      | Found Varapp's Armour Shop.
  7282 | D:8      | Found Sexkuhum's Magic Scroll Shoppe.
  7291 | D:8      | Bought a scroll of identify for 28 gold pieces
  7291 | D:8      | Bought a scroll of fog for 28 gold pieces
  7319 | D:8      | Reached skill level 10 in Long Blades
  8211 | D:9      | Noticed Erolcha
  8224 | D:9      | Killed Erolcha
  8225 | D:9      | Reached XP level 10. HP: 65/88 MP: 9/9
  8328 | D:9      | Noticed Harold
  8343 | D:9      | Killed Harold
  8500 | D:9      | Found a sacrificial altar of Ru.
  8537 | D:9      | Found an iron altar of Okawaru.
  8537 | D:9      | Noticed a two-headed ogre
  8553 | D:9      | Killed a two-headed ogre
  8554 | D:9      | Reached skill level 10 in Armour
  8567 | D:9      | Became a worshipper of Warmaster Okawaru
  8960 | D:9      | Found a staircase to the Lair.
  9204 | D:9      | Noticed a yaktaur captain
  9204 | D:9      | Noticed a boulder beetle
  9204 | D:9      | Noticed a boulder beetle
  9205 | D:9      | Found a runed translucent door.
  9207 | D:9      | Noticed a deep troll
  9207 | D:9      | Noticed a harpy
  9207 | D:9      | Noticed a centaur warrior
  9207 | D:9      | Noticed a stone giant
  9469 | D:10     | Entered Level 10 of the Dungeon
  9469 | D:10     | Found Lupn's Distillery.
  9549 | D:9      | Reached * piety under Okawaru
  9951 | D:10     | Noticed a two-headed ogre
 10270 | D:9      | Killed a two-headed ogre
 10436 | D:10     | Found a staircase to the Orcish Mines.
 10553 | D:10     | Reached XP level 11. HP: 81/97 MP: 10/10
 10710 | D:10     | Reached ** piety under Okawaru
 10764 | D:10     | Noticed a wizard
 10777 | D:10     | Killed a wizard
 11156 | D:10     | Bought a potion of might for 56 gold pieces
 11743 | D:11     | Noticed a two-headed ogre
 11750 | D:11     | Killed a two-headed ogre
 11750 | D:11     | Reached *** piety under Okawaru
 11751 | D:11     | Reached skill level 10 in Fighting
 11917 | D:11     | Reached skill level 10 in Shields
 12266 | D:11     | Reached skill level 1 in Invocations
 13295 | D:11     | Reached **** piety under Okawaru
 13382 | D:12     | Found a transporter.
 13388 | D:12     | Found a transporter.
 13447 | D:12     | Noticed a deep elf pyromancer
 13452 | D:12     | Noticed a purple ugly thing
 13462 | D:12     | Killed a purple ugly thing
 13463 | D:12     | Killed a deep elf pyromancer
 13582 | D:12     | Found a transporter.
 13744 | D:12     | Found a transporter.
 13881 | D:12     | Found a transporter.
 13882 | D:12     | Found a transporter.
 14159 | Lair:1   | Entered Level 1 of the Lair of Beasts
 14333 | Lair:1   | Reached XP level 12. HP: 67/103 MP: 11/11
 14925 | Lair:1   | Noticed Maggie
 14942 | Lair:1   | Killed Maggie
 15252 | Lair:1   | Reached ***** piety under Okawaru
 15380 | Lair:1   | Found the +8 whip "Snakebite" {venom, curare, rPois}
 16447 | Lair:2   | Found a staircase to the Shoals.
 16936 | Lair:2   | Found a large runed translucent door.
 16937 | Lair:2   | Found a large runed translucent door.
 16942 | Lair:2   | Noticed doomsgape's ghost (journeyman DEFE)
 17251 | Lair:2   | Received a gift from Okawaru
 18951 | Lair:3   | Found a hole to the Spider Nest.
 19131 | Lair:4   | Noticed a boulder beetle
 19161 | Lair:4   | Killed a boulder beetle
 19569 | Lair:4   | Found a runed translucent gate.
 19572 | Lair:4   | Found a runed translucent gate.
 19584 | Lair:4   | Found a runed translucent gate.
 19589 | Lair:4   | Noticed Kyusiynim's ghost (journeyman GnEn)
 19871 | Lair:4   | Reached XP level 13. HP: 117/117 MP: 13/13
 20442 | D:5      | Killed Olga's ghost
 20804 | Orc:1    | Entered Level 1 of the Orcish Mines
 20913 | Orc:2    | Entered Level 2 of the Orcish Mines
 20928 | Orc:2    | Identified a scroll of acquirement
 20946 | Orc:2    | Noticed an orc warlord
 21134 | Orc:1    | Killed an orc warlord
 21401 | Orc:2    | Paralysed by an orc sorcerer for 7 turns
 21632 | Orc:2    | Noticed Blork the orc
 21667 | Orc:1    | Killed Blork the orc
 22017 | Orc:1    | Slain by an orc knight

Illustrated notes

Levels and vault maps discovered:
D:1:      minmay_arrival_shattered_statue, layout_basic
D:2:      layout_rooms, serial_shops, nicolae_shop_bloodbath_and_beyond,
          dreamdust_ecumenical_altar_grove, lemuel_old_faithful
D:3:      layout_basic, mainiacjoe_overflow_concentric_impassable,
          lemuel_doored_altar, serial_shops, shop, serial_forest,
          infiniplex_forest_corner_1, infiniplex_forest_lined_1,
          infiniplex_forest_end_double, infiniplex_forest_corner_1,
          infiniplex_forest_clump_small, infiniplex_forest_end_2,
          infiniplex_forest_clump_curved, infiniplex_forest_corner_1,
          infiniplex_forest_end_double, infiniplex_forest_straight_2
D:4:      layout_basic, worldfamousw_hep_ancestral_shrine
D:5:      layout_rooms, kennysheep_little_box, gammafunk_ghost_abyssal_escape
D:6:      layout_loops_ring, nicolae_overflow_hallway_of_the_gods
D:7:      layout_rooms, minmay_temple_entry_ruins
D:8:      layout_loops_ring, serial_shops, nicolae_shop_hallway_plus, shop
D:9:      minmay_gate_of_8, layout_cave_pools, mainiacjoe_overflow_catwalk,
          mainiacjoe_overflow_alcove_4, david_lair_shrubbed, st_stairs_8,
          uniq_erolcha, uniq_harold
D:10:     layout_cave_pools, erik_orc_4, serial_shops, nicolae_stop_n_shop_1,
          st_stairs_1
D:11:     layout_loops_ring
D:12:     layout_cave_pools, serial_nicolae_subway, nicolae_sub_station_metal,
          nicolae_sub_station_stone, nicolae_sub_station_crystal
Temple:   compressed_dpeg_triangle_lava_temple
Lair:1:   minmay_guarded_unrand_snakebite, layout_layer_cave, uniq_maggie
Lair:2:   layout_roguey, minmay_shoals_entry_lonely_mermaid,
          ebering_ghost_disaster_area, serial_bayou_shore_b
Lair:3:   layout_roguey, hellmonk_spider_entry_life_and_decay,
          infiniplex_staircase_pool_2
Lair:4:   layout_loops_ring, gammafunk_ghost_necromancy, st_stairs_6,
          lemuel_fruit_tree
Orc:1:    layout_caves, abandoned_shop
Orc:2:    grunt_orc_cross, layout_caves

Skill      XL: |  1  2  3  4  5  6  7  8  9 10 11 12 13 |
---------------+----------------------------------------+-----
Shields        | 4 5 7 9 10 12 13 | 13.0
Armour         | 4 5 6 7 8 9 10 12 14 | 14.5
Fighting       | 4 5 6 8 9 10 11 12 | 12.1
Long Blades    | 3 4 6 7 9 10 12 13 14 | 14.8
Dodging        | 1 2 3 |  3.1
Stealth        | 1 2 |  2.4
Invocations    | 1 2 |  2.1
Evocations     | |  0.2

Action                   |  1- 3 |  4- 6 |  7- 9 | 10-12 | 13-15 || total
-------------------------+-------+-------+-------+-------+-------++-------
Melee: Long sword        |    72 |   158 |   254 |   728 |   131 ||  1343
       Headbutt          |     8 |    21 |    42 |   149 |    29 ||   249
       Staff             |       |       |       |       |     8 ||     8
Invok: Heroism           |       |       |       |    18 |     9 ||    27
Evoke: Wand              |       |       |     1 |     1 |       ||     2
  Use: Scroll            |       |     7 |       |     1 |    10 ||    18
       Potion            |       |       |     1 |     1 |       ||     2
Armor: Scale mail        |    46 |    72 |       |       |       ||   118
       Plate armour      |       |    23 |   131 |   351 |    75 ||   580
Dodge: Dodged            |    36 |    56 |    71 |   159 |    56 ||   378
Block: Buckler           |    26 |    47 |   120 |   411 |   111 ||   715
       Reflection        |       |       |     9 |    15 |     7 ||    31
